 Dungeon Crawl Stone Soup version 5.6-49-g8abd877 (webtiles) character file.

14 rednecknazgul the Skirmisher (level 10, -17/102 HPs) *CASUAL*
             Began as a Titan Transmuter on Dec 23, 2018.
             Shot with an arrow by an orc warrior (18 damage)
             ... in a bailey.
             The game lasted 00:06:56 (6364 turns).

rednecknazgul the Skirmisher (Titan Transmuter)     Turns: 6364, Time: 00:06:56

Health: -17/102    AC:  7 (0%)Str: 22   XL:     10   Next: 2%
Magic:  12/12      EV: 15    Int: 20    God:
Gold:   372        SH:  0    Dex: 14    Spells: 11/19 levels left

rFire    . . .     SeeInvis .     - Unarmed
rCold    . . .     Faith    .   (shield currently unavailable)
rNeg     . . .     Spirit   .   r - +2 robe "Juun Xyfo" {-Tele Str+7 Int-3 Slay+5}
rPois    .         Reflect  .   (helmet restricted)
rElec    +         NoTele   +   (no cloak)
rCorr    .                      (gloves unavailable)
MR       +....                  (boots unavailable)
Stlth    +.........             (no amulet)
Regen    0.3/turn               i - +3 ring of evasion
MPRegen  0.2/turn               k - +3 ring of protection

@: blade hands (expiring), flying
A: unfitting armour, high mp 1, electricity resistance
a: End Transformation


You were in a bailey.
You were not hungry.
You had blades for hands.
You visited 1 branch of the dungeon, and saw 7 of its levels.
You also visited: Sewer and Bailey.

You collected 372 gold pieces.

Inventory:

Armour
 r - the +2 robe "Juun Xyfo" (worn) {-Tele Str+7 Int-3 Slay+5}
   (You found it on level 5 of the Dungeon)

   It affects your strength (+7).
   It affects your intelligence (-3).
   It affects your accuracy and damage with ranged weapons and melee attacks
   (+5).
   It prevents most forms of teleportation.
Jewellery
 i - a +3 ring of evasion (left scythe-like blade)
 k - a +3 ring of protection (right scythe-like blade)
Wands
 q - a wand of paralysis (6)
Scrolls
 b - 3 scrolls of amnesia
 c - a scroll of fear
 d - a scroll of magic mapping
 j - 5 scrolls of teleportation
 n - 2 scrolls of enchant armour
Potions
 a - a potion of augmentation
 e - 2 potions of mutation
 f - 2 potions of haste
 h - a potion of invisibility
 l - 2 potions of cancellation
 m - a potion of lignification


   Skills:
 + Level 7.3 Fighting
 + Level 4.0 Armour
 + Level 4.8 Dodging
 + Level 5.7 Unarmed Combat
 + Level 3.8 Charms
 * Level 7.0 Transmutations
 + Level 4.2 Ice Magic
 + Level 2.6 Air Magic


You had 11 spell levels left.
You knew the following spells:

 Your Spells              Type           Power        Failure   Level  Hunger
b - Spider Form           Tmut           28 (200)     3%          3    N/A
c - Blade Hands           Tmut           28 (200)     30%         5    N/A

Your spell library contained the following spells:

 Spells                   Type           Power        Failure   Level  Hunger
 Ice Form                 Ice/Tmut       22 (100)     19%         4    N/A
 Deflect Missiles         Chrm/Air       13 (200)     100%        6    N/A
 Airstrike                Air            10 (200)     54%         4    N/A
 Passwall                 Tmut/Erth      14 (200)     7%          2    N/A
 Silence                  Hex/Air        5 (200)      75%         4    N/A
 Conjure Ball Lightning   Air            10 (200)     100%        7    N/A
 Tornado                  Air            10 (200)     100%        9    N/A
 Beastly Appendage        Tmut           28 (50)      1%          1    N/A
 Summon Lightning Spire   Summ/Air       5 (100)      75%         4    N/A

Dungeon Overview and Level Annotations

Branches:
Dungeon (7/15)


Innate Abilities, Weirdness & Mutations

You are too large for most types of armour.
You have an increased reservoir of magic. (+10% MP)
You are resistant to electric shocks. (rElec)


Message History

You slice the orc warrior (22)!!
The orc warrior is almost dead.
The orc misses you. The orc hits you but does no damage.
The orc warrior hits you but does no damage.
The orc warrior hits you (18)!!
* * * LOW HITPOINT WARNING * * *
Unknown command.
Okay, then.
The orc hits you from afar with a +0 spear (5).
* * * LOW HITPOINT WARNING * * *
Unknown command.
You slice the orc warrior (33)!!
You kill the orc warrior!
Your Transmutations skill increases to level 7!
You have reached level 10!
The orc hits you from afar with a +0 spear (4).
* * * LOW HITPOINT WARNING * * *
The orc warrior wields a +0 arbalest.
The orc warrior shoots an arrow.
The arrow hits you (18)!!
You die...

### #########∩##
##.....##.∩.#
#..≈≈≈..#...#..≈
#.≈≈o≈≈.......≈≈o
+.≈.o)@.......≈oo
#.≈≈o≈≈.......≈≈o≈
#..≈≈≈..#...#..≈≈≈
##.....##...##....
#########∩## ####
##


You could see an orc warrior and 2 orcs.

Vanquished Creatures
  Sigmund (D:6)
  Menkaure (D:5)
  2 orc warriors (Bailey)
  An ice beast (D:5)
  2 phantoms
  A centaur (D:5)
  Blork the orc (D:4)
  2 bullfrogs (Sewer)
  A gnoll sergeant (D:6)
  A wyvern skeleton (D:6)
  2 scorpions
  A crimson imp (D:6)
  A howler monkey (D:5)
  2 hounds
  5 worker ants
  4 iguanas
  A hound zombie (D:5)
  2 hound skeletons
  15 adders
  3 gnolls (D:6)
  9 oozes
  2 adder skeletons
  4 dart slugs
  2 orcs
  9 quokkas
  11 ball pythons (Sewer)
  16 giant cockroaches
  15 goblins
  10 hobgoblins
  13 jackals
  12 kobolds
  8 bats
  13 frilled lizards
  A jackal skeleton (D:5)
  12 rats
186 creatures vanquished.

Notes
Turn   | Place    | Note
-------+----------+-------------------------------------------
     0 | D:1      | rednecknazgul the Titan Transmuter began the quest for the Orb.
     0 | D:1      | Reached XP level 1. HP: 19/19 MP: 4/4
   112 | D:1      | Reached XP level 2. HP: 17/28 MP: 6/6
   426 | D:1      | Reached XP level 3. HP: 18/35 MP: 8/8
   629 | D:1      | Reached skill level 1 in Armour
   745 | D:1      | Reached skill level 1 in Ice Magic
  1162 | D:2      | Found a faded altar of an unknown god.
  1212 | D:2      | Reached XP level 4. HP: 38/44 MP: 10/10
  1470 | D:2      | Learned a level 3 spell: Spider Form
  1551 | D:2      | Found a snail-covered altar of Cheibriados.
  1653 | D:2      | Reached XP level 5. HP: 51/52 MP: 8/8
  1777 | D:2      | Reached skill level 1 in Charms
  1910 | D:2      | Found a hide-covered altar of Uskayaw.
  1911 | D:2      | Found a viscous altar of Jiyva.
  1911 | D:2      | Found a stormy altar of Qazlal.
  1911 | D:2      | Found a shadowy altar of Dithmenos.
  1918 | D:2      | Found an ornate altar of the Wu Jian Council.
  1918 | D:2      | Found an opulent altar of Gozag.
  1983 | D:2      | Found a deep blue altar of Sif Muna.
  2332 | D:3      | Reached XP level 6. HP: 61/61 MP: 10/10
  2422 | D:3      | Found a burning altar of Makhleb.
  2467 | D:3      | Found a basalt altar of Yredelemnul.
  2901 | D:3      | Learned a level 5 spell: Blade Hands
  2965 | D:4      | Noticed Blork the orc
  2973 | D:4      | Killed Blork the orc
  2973 | D:4      | Reached XP level 7. HP: 57/70 MP: 13/13
  3114 | D:4      | Found a sacrificial altar of Ru.
  3159 | D:4      | Found an iron altar of Okawaru.
  3340 | D:4      | Found a white marble altar of Elyvilon.
  4098 | D:5      | Entered Level 5 of the Dungeon
  4151 | D:5      | Reached skill level 5 in Transmutations
  4158 | D:5      | Reached XP level 8. HP: 54/79 MP: 15/15
  4343 | D:5      | Found a corrupted altar of Lugonu.
  4383 | D:5      | Reached skill level 5 in Fighting
  4393 | D:5      | Got the +2 robe "Juun Xyfo" {-Tele Str+7 Int-3 Slay+5}
  4567 | D:5      | Noticed Menkaure
  4585 | D:5      | HP: 4/81 [Menkaure (7)]
  4587 | D:5      | Killed Menkaure
  4951 | D:5      | Found an ancient bone altar of Kikubaaqudgha.
  5043 | D:5      | Reached skill level 5 in Unarmed Combat
  5050 | D:5      | Found a glowing silver altar of Zin.
  5312 | D:6      | Found a shimmering altar of Xom.
  5321 | D:6      | Reached XP level 9. HP: 89/89 MP: 18/18
  5457 | D:6      | Reached skill level 1 in Air Magic
  5551 | D:6      | Found a glowing golden altar of the Shining One.
  5554 | D:6      | Noticed Sigmund
  5559 | D:6      | Killed Sigmund
  5743 | D:6      | Found a bloodstained altar of Trog.
  5852 | D:6      | Found a glowing drain.
  5856 | Sewer    | Entered a sewer
  6340 | D:7      | Found a flagged portal.
  6353 | Bailey   | Entered a bailey
  6363 | Bailey   | HP: 4/93 [orc/+0 spear (5)]
  6364 | Bailey   | Reached XP level 10. HP: 4/102 MP: 12/12
  6364 | Bailey   | HP: 1/102 [orc/+0 spear (4)]
  6364 | Bailey   | Shot with an arrow by an orc warrior

Skill      XL: |  1  2  3  4  5  6  7  8  9 |
---------------+----------------------------+-----
Fighting       | 2 3 4 6 7 |  7.3
Armour         | 1 2 3 4 |  4.0
Transmutations | 3 4 5 6 7 |  7.0
Ice Magic      | 1 2 3 4 |  4.2
Dodging        | 2 3 4 |  4.8
Charms         | 1 2 3 |  3.8
Unarmed Combat | 4 5 |  5.7
Air Magic      | 2 |  2.6

Action                   |  1- 3 |  4- 6 |  7- 9 | 10-12 || total
-------------------------+-------+-------+-------+-------++-------
Melee: Unarmed           |    89 |   143 |   267 |       ||   499
       Punch             |     1 |       |     1 |       ||     2
 Cast: Spider Form       |       |     1 |     3 |       ||     4
       Blade Hands       |       |       |     1 |       ||     1
 Abil: End Transformatio |       |       |     4 |       ||     4
  Use: Potion            |       |       |     2 |       ||     2
       Scroll            |       |       |     2 |       ||     2
 Stab: Sleeping          |     1 |     5 |     5 |       ||    11
Armor: Robe              |    17 |     4 |    23 |       ||    44
       Skin              |       |    11 |    12 |       ||    23
Dodge: Dodged            |    39 |   102 |   214 |       ||   355
